cohdb
Replays
Latest Replays
All Replays
Popular Replays
Top Player Replays
Match Explorer
How It Works
Community
CoH3 Stats
Reddit
Sign in to upload your games and track your stats! →
Sign in with Steam
Match 42306541
Unlisted
Match 42306541
Overview
Messages
Build Orders
End
Engineer Squad
Construct Barracks
Riflemen Squad
1⁄4-ton 4x4 Truck
Riflemen Squad
Infantry Support Center
Construct Weapon Support Center
Grenade Package
M3 Armored Personnel Carrier
Selects Heavy Weapons
Selects Assault Carriers
Selects Exchangeable Parts
M3 Assault Carrier
M1918 Browning Automatic Rifles
Construct Medical Station
Riflemen Squad
Advanced Logistics
Construct Motor Pool
M24 Chaffee Light Tank
M3 Assault Carrier
Scout Squad
M24 Chaffee Light Tank
Azusa
Eilte
简八王牌阿祖莎
listen
哦嗦嘎达
打飞医保卡
Valdai
Sailor
0
0
Comments
sign in to comment!
No comments posted yet!